Map: Ice and Chrome LE

Players

Demi - Winner!

  • Race: Zerg Zerg
  • League: Master
  • Spawn Location: 1:00

TeebuL

  • Race: Protoss Protoss
  • Spawn Location: 7:00

Event: DreamHack SC2 Masters 2020 Fall

VOD

Have the link to the VOD?

Description

Time

  • Played on: Aug. 26, 2020, 7:13 a.m.
  • Length: 19:52

All games in this series

Show
View Real Time Build Order
Export as new Build Order

Demi Zerg - Winner!

Build Orders: Hatch First 

Get SALT Encoding   

  12  0:00  Drone  
  13  0:13  Overlord  
  13  0:17  Drone  
  14  0:31  Drone x2  
  16  0:47  Hatchery  
  15  0:51  Drone  
  15  0:55  Drone  
  17  0:59  Drone  
  18  1:10  Extractor  
  17  1:14  Spawning Pool  
  17  1:18  Drone  
  17  1:19  Drone  
  18  1:29  Drone  
  19  1:40  Drone  
  20  1:51  Overlord  
  20  2:00  Queen  
  20  2:01  Queen, Zergling x2  
  24  2:02  Zergling x2  
  26  2:10  Drone  
  26  2:14  Drone  
  28  2:21  Drone  
  29  2:25  Drone  
  30  2:35  Drone  
  30  2:36  Hatchery  
  30  2:37  Drone  
  31  2:44  Pneumatized Carapace  
  31  2:45  Drone  
  31  2:51  Queen  
  34  2:53  Overlord  
  34  2:58  Drone x2  
  36  3:08  Metabolic Boost  
  36  3:12  Zergling x2  
  37  3:13  Zergling x4  
  37  3:15  Overlord  
  37  3:17  Drone  
  37  3:18  Drone  
  41  3:23  Drone  
  42  3:27  Drone  
  43  3:35  Drone  
  43  3:36  Drone  
  43  3:37  Queen  
  43  3:40  Evolution Chamber  
  46  3:45  Drone  
  46  3:48  Queen  
  49  3:49  Overlord  
  49  3:56  Drone x2  
  49  3:57  Overlord  
  49  4:00  Overlord  
  49  4:01  Drone x2  
  52  4:12  Drone x2  
  52  4:13  Zerg Melee Weapons Level 1  
  54  4:17  Drone  
  54  4:18  Drone x2  
  54  4:20  Roach Warren  
  54  4:23  Drone  
  54  4:24  Drone x2  
  59  4:31  Overlord x2  
  59  4:37  Overlord x2  
  59  4:38  Zergling x4  
  61  4:46  Drone x2, Spore Crawler  
  61  4:48  Spore Crawler  
  61  4:49  Drone  
  61  4:50  Zergling x6  
  65  4:54  Extractor  
  65  4:55  Extractor  
  65  4:56  Lair  
  63  5:00  Drone x2  
  63  5:01  Drone x2  
  63  5:03  Drone  
  63  5:06  Drone x2  
  63  5:07  Drone  
  71  5:14  Drone x2  
  71  5:15  Drone x2  
  71  5:16  Spore Crawler  
  72  5:28  Zergling x2  
  72  5:29  Zergling x18  
  72  5:33  Overlord  
  82  5:38  Drone  
  82  5:39  Drone  
  84  5:43  Roach  
  84  5:44  Roach  
  84  5:48  Roach  
  90  5:52  Roach  
  90  5:54  Glial Reconstitution  
  90  5:55  Spine Crawler  
  90  5:56  Roach x2  
  95  6:03  Roach x4  
  103  6:07  Overlord x2  
  103  6:09  Extractor, Baneling Nest, Roach  
  103  6:10  Roach, Zergling x4  
  103  6:11  Zergling x2  
  108  6:24  Zergling x2  
  102  6:26  Zergling x6  
  102  6:31  Zergling x4  
  100  6:37  Drone x9, Queen  
  102  6:41  Zergling x2  
  102  6:44  Queen  
  103  6:49  Spire  
  103  6:51  Drone x3  
  104  6:54  Extractor  
  104  6:55  Extractor, Overseer  
  104  6:59  Zerg Melee Weapons Level 2  
  102  7:04  Drone  
  103  7:12  Overseer, Hatchery  
  102  7:17  Drone x10  
  112  7:27  Drone, Centrifical Hooks  
  113  7:35  Overlord x4  
  113  7:42  Drone  
  113  7:43  Overlord x2  
  113  7:44  Overlord  
  114  7:47  Roach x3  
  114  7:50  Overlord  
  119  7:52  Roach  
  121  7:59  Baneling x11  
  121  8:00  Ravager x4  
  121  8:01  Ravager  
  121  8:03  Zergling x2  
  121  8:04  Zergling x18  
  136  8:10  Zergling x4  
  136  8:17  Zergling x4  
  137  8:26  Zergling x6  
  138  8:30  Zergling x2  
  138  8:31  Zergling x6  
  138  8:32  Ravager x3  
  138  8:33  Ravager  
  146  8:39  Zergling x14  
  146  8:41  Hatchery  
  141  8:51  Roach x3  
  136  8:55  Roach  
  136  8:56  Roach  
  136  8:57  Baneling x19  
  136  9:00  Roach x2  
  136  9:02  Zergling x10  
  145  9:11  Zergling x10  
  145  9:20  Zerg Missile Weapons Level 1  
  145  9:26  Zergling x8  
  146  9:35  Zergling x20  
  150  9:38  Ravager  
  150  9:39  Ravager x3  
  150  9:43  Zergling x4  
  156  9:50  Zergling x4  
  158  9:53  Queen  
  158  9:54  Zergling x2  
  158  9:55  Zergling x2  
  162  10:00  Zergling x2  
  162  10:01  Zergling x12  
  162  10:04  Zergling x2  
  162  10:05  Zergling x2  
  162  10:06  Overlord x3  
  155  10:15  Zergling x8  
  155  10:19  Roach  
  136  10:23  Roach  
  122  10:29  Roach x8  
  122  10:32  Queen  
  137  10:37  Mutalisk x3  
  137  10:38  Mutalisk x2  
  147  10:43  Mutalisk x2  
  147  10:49  Roach x2  
  155  10:54  Extractor  
  154  10:57  Zergling x8  
  154  11:00  Overlord  
  154  11:01  Overlord  
  157  11:04  Zergling x2  
  157  11:05  Zergling x10  
  163  11:14  Hatchery  
  163  11:16  Drone  
  163  11:17  Drone x2, Overlord x3  
  165  11:24  Zergling x10  
  167  11:34  Ravager  
  167  11:35  Ravager x5  
  167  11:36  Ravager  
  167  11:39  Roach x8  
  190  11:41  Infestation Pit  
  190  11:42  Ravager x2  
  190  11:43  Baneling x11  
  190  11:44  Baneling  
  190  11:46  Drone x3  
  193  11:58  Zergling x12  
  194  12:17  Zergling x22  
  194  12:19  Zerg Flyer Weapons Level 1  
  199  12:27  Extractor  
  194  12:32  Extractor  
  194  12:37  Hive  
  188  12:54  Drone  
  188  12:55  Drone x3, Mutalisk  
  188  12:56  Mutalisk x4  
  199  13:08  Extractor  
  199  13:10  Queen  
  199  13:24  Spore Crawler, Hatchery  
  196  13:30  Drone  
  196  13:31  Drone x2  
  196  13:32  Spore Crawler  
  196  13:33  Mutalisk x3  
  199  13:40  Overseer  
  192  13:49  Queen  
  192  13:52  Adrenal Glands  
  192  13:59  Baneling  
  182  14:10  Mutalisk x9  
  190  14:30  Overseer  
  190  14:31  Overseer  
  188  14:38  Zerg Flyer Weapons Level 2  
  188  14:44  Mutalisk x7  
  197  14:53  Spine Crawler  
  197  14:54  Spine Crawler  
  195  15:09  Spore Crawler  
  188  15:23  Mutalisk x8  
  188  15:28  Drone  
  196  15:29  Drone x4  
  195  15:36  Mutalisk x2  
  188  15:45  Mutalisk  
  188  15:46  Mutalisk x8  
  200  15:55  Overlord x2  
  189  16:00  Overseer x2  
  187  16:14  Overseer x2  
  187  16:23  Mutalisk  
  187  16:24  Mutalisk x6  
  198  16:55  Mutalisk  
  198  17:13  Mutalisk  
  183  17:55  Overseer  
  183  17:58  Overseer x3  
  177  18:00  Mutalisk x6  
  173  18:11  Mutalisk  
  173  18:12  Mutalisk x13  
  185  18:13  Zergling x24  
  174  18:46  Zergling x8  
  170  18:57  Overseer  
  170  19:01  Overlord  
  167  19:06  Zergling x2  
  168  19:26  Zergling x4  
Show
View Real Time Build Order
Export as new Build Order

TeebuL Protoss 

Build Orders: 1 Gate Expand 

Get SALT Encoding   

  12  0:01  Probe  
  13  0:13  Probe  
  14  0:17  Pylon  
  14  0:25  Probe  
  15  0:37  Probe (Chrono Boost)  
  15  0:38  Gateway  
  16  0:48  Probe (Chrono Boost)  
  16  0:49  Assimilator  
  17  0:53  Probe (Chrono Boost)  
  18  1:03  Probe  
  19  1:15  Probe  
  20  1:25  Nexus  
  20  1:34  Cybernetics Core  
  20  1:39  Probe  
  21  1:45  Assimilator  
  21  1:51  Probe  
  21  1:53  Pylon  
  22  2:07  Probe (Chrono Boost)  
  23  2:09  Adept (Chrono Boost)  
  23  2:13  Warp Gate  
  25  2:19  Probe (Chrono Boost)  
  26  2:25  Probe (Chrono Boost)  
  27  2:32  Adept  
  29  2:38  Stargate  
  29  2:39  Probe (Chrono Boost)  
  31  2:45  Probe (Chrono Boost)  
  31  2:48  Probe (Chrono Boost)  
  32  2:52  Probe (Chrono Boost)  
  32  2:53  Probe (Chrono Boost)  
  34  3:00  Gateway  
  34  3:03  Probe  
  35  3:05  Probe  
  35  3:12  Void Ray (Chrono Boost)  
  36  3:15  Probe  
  36  3:17  Probe  
  36  3:19  Adept  
  40  3:24  Pylon  
  44  3:28  Probe  
  44  3:30  Probe  
  44  3:31  Pylon  
  46  3:42  Probe  
  46  3:43  Probe  
  48  3:50  Twilight Council  
  48  3:55  Probe x2  
  50  4:07  Nexus, Probe  
  50  4:09  Pylon  
  51  4:12  Probe  
  52  4:17  Robotics Facility  
  52  4:19  Probe  
  52  4:24  Assimilator  
  56  4:25  Probe  
  56  4:26  Assimilator  
  57  4:32  Probe  
  57  4:35  Resonating Glaives (Chrono Boost), Gateway  
  57  4:37  Probe  
  59  4:44  Gateway, Probe  
  59  4:45  Adept x2  
  59  4:48  Pylon  
  59  4:50  Probe  
  62  4:59  Probe  
  63  5:04  Warp Prism (Chrono Boost)  
  63  5:06  Adept  
  63  5:07  Adept  
  67  5:10  Probe  
  67  5:11  Probe  
  71  5:15  Shield Battery  
  71  5:19  Pylon  
  71  5:22  Probe  
  71  5:26  Probe  
  69  5:28  Adept x2  
  69  5:31  Probe  
  69  5:34  Adept  
  76  5:36  Probe  
  78  5:43  Observer (Chrono Boost)  
  78  5:44  Probe  
  78  5:45  Probe  
  80  5:50  Probe  
  80  5:51  Forge  
  80  5:53  Pylon  
  80  5:56  Probe  
  82  6:00  Adept x4  
  82  6:02  Probe  
  91  6:07  Immortal (Chrono Boost)  
  95  6:15  Probe  
  96  6:23  Protoss Ground Weapons Level 1 (Chrono Boost)  
  84  6:34  Blink (Chrono Boost)  
  84  6:35  Adept x4  
  90  6:40  Immortal (Chrono Boost), Photon Cannon  
  90  6:41  Shield Battery  
  90  6:46  Probe  
  81  6:49  Gateway  
  81  6:52  Gateway  
  81  6:53  Gateway  
  81  6:55  Probe  
  81  6:56  Probe  
  83  7:04  Stalker x4  
  91  7:13  Probe  
  91  7:14  Gateway  
  92  7:17  Immortal (Chrono Boost)  
  96  7:27  Probe x2  
  96  7:29  Assimilator  
  98  7:32  Sentry x4, Gateway  
  98  7:34  Assimilator  
  98  7:36  Pylon  
  106  7:39  Observer, Pylon x2  
  106  7:50  Pylon  
  106  7:52  Pylon  
  106  7:56  Stalker  
  106  7:57  Stalker x5  
  116  8:10  Stalker  
  116  8:11  Stalker  
  116  8:12  Probe x2  
  122  8:14  Immortal  
  122  8:20  Stalker x2  
  126  8:29  Stalker  
  126  8:30  Robotics Bay, Stalker x2  
  132  8:34  Sentry x3  
  134  8:54  Stalker x2  
  134  8:55  Stalker x4  
  129  8:56  Protoss Ground Weapons Level 2 (Chrono Boost)  
  129  8:57  Probe x2  
  131  9:05  Immortal (Chrono Boost)  
  133  9:14  Stalker x2  
  133  9:15  Stalker  
  137  9:18  Zealot, Charge (Chrono Boost)  
  139  9:24  Stalker  
  141  9:37  Photon Cannon  
  137  9:41  Disruptor (Chrono Boost), Stalker x3  
  146  9:49  Stalker  
  148  9:59  Adept  
  148  10:05  Pylon  
  148  10:07  Pylon x2  
  148  10:10  Observer  
  141  10:16  Stalker x6  
  141  10:17  Stalker x2  
  123  10:23  Adept  
  87  10:37  Disruptor  
  90  10:44  Stalker  
  90  10:45  Stalker x5  
  90  10:48  Zealot x3  
  108  11:09  Photon Cannon  
  108  11:10  Stalker x6  
  110  11:11  Phoenix (Chrono Boost)  
  112  11:23  Zealot  
  112  11:24  Zealot  
  112  11:28  Phoenix (Chrono Boost)  
  112  11:43  Nexus  
  112  11:50  Phoenix (Chrono Boost)  
  112  11:53  Stalker x3  
  118  12:00  Pylon  
  118  12:03  Stalker x2  
  118  12:04  Stalker x2  
  118  12:08  Phoenix  
  126  12:12  Adept x2  
  125  12:33  Phoenix  
  125  12:35  Dark Shrine  
  127  12:43  Zealot x4  
  127  12:44  Zealot x5  
  140  12:54  Probe (Chrono Boost)  
  140  12:56  Probe (Chrono Boost)  
  130  13:00  Probe (Chrono Boost)  
  130  13:05  Probe (Chrono Boost)  
  130  13:06  Probe (Chrono Boost)  
  130  13:09  Probe (Chrono Boost)  
  130  13:10  Phoenix, Probe (Chrono Boost)  
  130  13:11  Probe x2 (Chrono Boost)  
  136  13:18  Templar Archives, Probe  
  137  13:22  Probe  
  134  13:30  Probe  
  134  13:33  Zealot x6  
  141  13:36  Probe  
  141  13:39  Probe  
  141  13:40  Probe  
  132  13:49  Shield Battery, Photon Cannon  
  132  13:54  Psionic Storm  
  130  13:57  Dark Templar x2  
  130  14:00  Stalker x2  
  130  14:01  Zealot  
  130  14:02  Sentry  
  140  14:10  Disruptor  
  143  14:21  Cybernetics Core  
  129  14:41  Zealot x6  
  129  14:44  Protoss Ground Weapons Level 3  
  141  14:53  High Templar x3  
  141  14:59  Assimilator  
  147  15:00  Assimilator  
  147  15:02  Pylon  
  147  15:10  Immortal (Chrono Boost)  
  147  15:13  High Templar  
  147  15:14  High Templar x5  
  163  15:23  Archon x2  
  163  15:24  Archon  
  153  15:36  Stalker x3  
  153  15:41  Immortal  
  157  15:48  Stalker x3  
  157  15:49  Stalker x3  
  169  15:52  Nexus  
  167  15:58  Observer  
  167  16:10  Stalker x3  
  173  16:11  Stalker x2  
  173  16:12  Stalker x2  
  181  16:28  Dark Templar x2  
  185  16:38  Stalker x4  
  191  16:47  Stalker x2  
  195  16:59  Stalker  
  175  17:04  Assimilator  
  151  17:09  Assimilator  
  148  17:19  Nexus  
  148  17:23  Dark Templar x3  
  154  17:30  Pylon  
  154  17:36  High Templar x2  

Tags
 
Add a new tag
Caveats
  • Supply blocks, unpowered buildings, or Contaminate may cause inaccurate times.
  • Supply counts are checked every 10 seconds.